Unix NetHack Version 5.0.0-0 post-release - last build May 23 2026 06:08:33 (1c0ff79ee797540d5714e4e18072db0edd9e58ae,branch:main).

Game began 2026-05-29 11:38:00, ended 2026-05-29 11:45:11.

FutureTim, lawful female human Valkyrie

     ----------
     |........|              -------                            ------------
     |...>...(.#            #.......                          ##-.%.@m%()"?|
     |........|###          #|.....|                           #|.@[f%%(*[(|
     |........|  #          #|......####                    ####|./!??[%?"!|
     |........|  #         ##|.....|   ####   -----         #   ------------
     ------.---  #     ##### -------      ####|...|  ########
           ####  #     #                  ####-[...######
              #  #     #                   ----...|#    ##
              #  #######                   |%..)..|
              #   ##  -------------        |......|      --------+-------
        ---+--.---##  |...........|      ##|...)..|      |......%.......|
        |........|### |...........|    ####--------      |..............|
        |........|### |...........|    #  ###############-..............|
        |........|# ##.............#####                 |....<.........|
        |.....{..-#   -------------                      ----------------
        ----------

FutureTim the Skirmisher    St:13 Dx:16 Co:18 In:10 Wi:8 Ch:10  Lawful
Dlvl:2  $:0  HP:0(49) Pw:14(14) AC:1  Xp:5 T:673 

Latest messages:
 What do you want to read? [km or ?*] m
 You begin to memorize the runes.
 You add the "slow monster" spell to your repertoire, as 'b'.
 That chest is a small mimic!
 You miss the small mimic.
 You miss the small mimic.
 You hit the small mimic!
 You hit the small mimic!
 You hit the small mimic.
 The small mimic hits!
 You hit the small mimic!
 You hit the small mimic.
 The small mimic hits!
 You kill the small mimic!
 Welcome to experience level 5.
 You see here a small mimic corpse.
 You hear bubbling water.
 You swap places with your kitten.
 "Velkommen, FutureTim!  Welcome to Maganasipi's general store!"
 You see here a golden potion (for sale, 178 zorkmids).
 You see here a lamp (for sale, 13 zorkmids).
 "For you, esteemed lady; only 13 zorkmids for this lamp."
 n - a lamp (unpaid, 13 zorkmids).
 You see here a whistle (for sale, 18 zorkmids).
 "For you, esteemed lady; only 18 zorkmids for this whistle."
 o - a whistle (unpaid, 18 zorkmids).
 What do you want to use or apply? [hkmno or ?*] o
 You produce a high whistling sound.
 What do you want to drop? [$a-ehk-o or ?*] o
 You drop a whistle (unpaid, 18 zorkmids).
 The kitten picks up a food ration.
 That strange object is a small mimic!
 You miss the small mimic.
 You miss the small mimic.
 The small mimic hits!
 You hit the small mimic!
 You miss the small mimic.
 The small mimic misses!
 You hit the small mimic.
 The small mimic hits!
 You hit the small mimic!
 The small mimic misses!
 You miss the small mimic.
 The small mimic hits!
 You hit the small mimic!
 You hit the small mimic.
 The small mimic hits!
 You die...
 Maganasipi comes and takes all your possessions.
 Do you want to see what you had when you died? [ynq] (y) q

Inventory:
 Weapons  (')')
  b - a +0 dagger (alternate weapon; not wielded)
  a - a +1 spear (weapon in right hand)
 Armor    ('[')
  l - an uncursed +0 orcish helm (being worn)
  e - an uncursed +2 pair of iron shoes (being worn)
  c - an uncursed +3 small shield (being worn)
 Comestibles  ('%')
  d - an uncursed food ration
 Spellbooks  ('+')
  k - an uncursed spellbook of healing
  m - an uncursed spellbook of slow monster
 Tools    ('(')
  n - an uncursed oil lamp
  h - an uncursed tin whistle

FutureTim the Valkyrie's attributes:

Background:
 You were a Skirmisher, a level 5 human Valkyrie.
 You were lawful, on a mission for Tyr
 who was opposed by Odin (neutral) and Loki (chaotic).
 You were right-handed.
 You were in the Dungeons of Doom, on level 2.
 You entered the dungeon 673 turns ago.
 You had 190 experience points, 130 more were needed to attain level 6.

Basics:
 You had 0 out of 49 hit points.
 You had all 14 energy points (spell power).
 Your armor class was 1.
 Your wallet was empty.
 Autopickup was off.

Final Characteristics:
 Your strength was 13 (limit:18/100).
 Your dexterity was 16 (limit:18).
 Your constitution was 18 (limit:18).
 Your intelligence was 10 (limit:18).
 Your wisdom was 8 (limit:18).
 Your charisma was 10 (limit:18).

Final Status:
 You weren't hungry.
 You were unencumbered.
 You were wielding a spear.
 You had basic skill with spear.

Final Attributes:
 You were fervently aligned.
 You were cold resistant.
 You were stealthy.
 You are dead.

Miscellaneous:
 You didn't encounter any bones levels.
 Total elapsed playing time was 7 minutes and 11 seconds.

Major events:
 Turn
    1: FutureTim the lawful human Valkyrie entered the dungeon
  526: attained the rank of Skirmisher (level 3)
  673: killed by a small mimic

Spells:
 Name                 Level Category     Fail Retention
 healing                1   healing       89%  76%-100%
 slow monster           2   enchantment  100%  76%-100%

Skills:
 Fighting Skills
   bare handed combat [Unskilled]
   two weapon combat  [Unskilled]
   riding             [Unskilled]
 Weapon Skills
   dagger             [Basic]
   axe                [Unskilled]
   pick-axe           [Unskilled]
   short sword        [Unskilled]
   broadsword         [Unskilled]
   long sword         [Unskilled]
   two-handed sword   [Unskilled]
   saber              [Unskilled]
   hammer             [Unskilled]
   quarterstaff       [Unskilled]
   polearms           [Unskilled]
   spear              [Basic]
   trident            [Unskilled]
   lance              [Unskilled]
   sling              [Unskilled]
 Spellcasting Skills
   attack spells      [Unskilled]
   escape spells      [Unskilled]

Voluntary challenges:
 Character rerolling was not enabled.
 You never genocided any monsters.
 You never polymorphed an object.
 You never changed form.
 You used no wishes.
Achievements:
 You attained the rank of Skirmisher.
 You entered a shop.

 The Dungeons of Doom: levels 1 to 2
    Level 1:
    Level 2: <- You were here.
       A general store, a fountain.
       Final resting place for
          you, killed by a small mimic.


Vanquished creatures:
  a large mimic
  3 small mimics
  2 kobolds
  2 goblins
  2 lichens
  a kobold zombie
  a newt
12 creatures vanquished.

No species were genocided or became extinct.

Game over:
                       ----------
                      /          \
                     /    REST    \
                    /      IN      \
                   /     PEACE      \
                  /                  \
                  |    FutureTim     |
                  |       0 Au       |
                  |   killed by a    |
                  |   small mimic    |
                  |                  |
                  |                  |
                  |       2026       |
                 *|     *  *  *      | *
        _________)/\\_//(\/(/\)/\//\/|_)_______

Farvel FutureTim the Valkyrie...

You died in The Dungeons of Doom on dungeon level 2 with 830 points,
and 0 pieces of gold, after 673 moves.
You were level 5 with a maximum of 49 hit points when you died.

